[Event "Titled Tuesday Blitz November 29 Late 2022"]
[White "Abrahamyan, Tatev"]
[Black "Gerbelli Neto, Eduardo"]
[WhiteFideId "13301918"]
[BlackFideId "2103281"]
[WhiteElo "2347"]
[BlackElo "2178"]
[Result "1-0"]
[Round "01"]
[TimeControl "180+1"]
[Date "2022.11.30"]
[WhiteClock "0:01:24"]
[BlackClock "0:00:47"]

1. e4 e5 2. Nf3 Nc6 3. Bc4 Nf6 4. Ng5 d5 5. exd5 Nd4 6. c3 b5 7. Bf1 Nxd5 8. cxd4 Qxg5 9. Bxb5+ Kd8 10. Qf3 Bb7 11. O-O exd4 12. d3 Qg6 13. Nd2 Rb8 14. Ne4 Nf6 15. Ba4 Nxe4 16. dxe4 Qxe4 17. Bg5+ f6 18. Bxf6+ gxf6 19. Qxf6+ Kc8 20. f3 Qe3+ 21. Kh1 Rg8 22. Qf5+ 1-0


[Site "https://www.chess.com"]

[Event "Titled Tuesday Blitz November 29 Late 2022"]
[White "Al-Tarboush, Ward"]
[Black "Chlpik, Martin"]
[WhiteFideId "7601450"]
[BlackFideId "14923351"]
[WhiteElo "2273"]
[BlackElo "2109"]
[Result "1-0"]
[Round "01"]
[TimeControl "180+1"]
[Date "2022.11.30"]
[WhiteClock "0:00:21"]
[BlackClock "0:00:03"]

1. e4 c5 2. Nf3 d6 3. d4 cxd4 4. Nxd4 Nf6 5. Nc3 a6 6. h3 e6 7. g4 Nfd7 8. Bg2 Nc6 9. Be3 Qc7 10. Qe2 b5 11. Nxc6 Qxc6 12. O-O Bb7 13. Rad1 Be7 14. Bd4 O-O 15. Nd5 Bd8 16. Nb4 Qc7 17. Qe3 a5 18. Nd3 e5 19. Bc3 b4 20. Bd2 Nb6 21. b3 Qxc2 22. Rc1 Qxa2 23. Ne1 a4 24. bxa4 b3 25. Nd3 Rxa4 26. Bc3 Nc4 27. Qg3 b2 28. Rb1 Ra3 29. Bxb2 Rb3 30. Ra1 Qxb2 31. Nxb2 Rxg3 32. Nxc4 Rxg2+ 33. Kxg2 Bxe4+ 34. f3 Bd3 35. Rfc1 Bg5 36. Rc3 e4 37. Rd1 d5 38. Ne5 Bf6 39. Rcxd3 exd3 40. Nxd3 Rc8 41. f4 h6 42. Kg3 Rc3 43. h4 d4 44. g5 hxg5 45. hxg5 Be7 46. Kf3 Rc2 47. Ke4 Rc4 48. Ra1 Kh7 49. Rh1+ Kg6 50. Ne5# 1-0


[Site "https://www.chess.com"]

[Event "Titled Tuesday Blitz November 29 Late 2022"]
[White "Albornoz Cabrera, Carlos Daniel"]
[Black "Pein, Jonathan"]
[WhiteFideId "3518736"]
[BlackFideId "417092"]
[WhiteElo "2497"]
[BlackElo "2227"]
[Result "1-0"]
[Round "01"]
[TimeControl "180+1"]
[Date "2022.11.30"]
[WhiteClock "0:01:00"]
[BlackClock "0:00:01"]

1. d4 g6 2. c4 Bg7 3. Nc3 d6 4. e4 Nf6 5. Be2 O-O 6. Be3 Nc6 7. d5 Ne5 8. Nf3 Nxf3+ 9. Bxf3 c5 10. O-O Nd7 11. Be2 a6 12. a4 Qa5 13. Ra3 Rb8 14. Qd2 Ne5 15. f4 Ng4 16. Bxg4 Bxg4 17. f5 Qb4 18. h3 Bxh3 19. gxh3 Qxc4 20. Bh6 Bd4+ 21. Kg2 Rfe8 22. fxg6 hxg6 23. Qf4 f6 24. Qg4 Kh7 25. Bc1 Kg7 26. Ne2 Be5 27. Ng1 b5 28. Nf3 bxa4 29. Nh4 Qc2+ 30. Rf2 Qxc1 31. Qxg6+ Kh8 32. Qh5+ Kg7 33. Nf5+ Kg8 34. Qg6+ Kh8 35. Qg7# 1-0


[Site "https://www.chess.com"]

[Event "Titled Tuesday Blitz November 29 Late 2022"]
[White "Annaberdiyev, Babageldi"]
[Black "Kaganskiy, Gleb"]
[WhiteFideId "14000385"]
[BlackFideId "4132025"]
[WhiteElo "2332"]
[BlackElo "2165"]
[Result "1-0"]
[Round "01"]
[TimeControl "180+1"]
[Date "2022.11.30"]
[WhiteClock "0:01:48"]
[BlackClock "0:01:02"]

1. e4 e6 2. d4 d5 3. e5 c5 4. c3 Qb6 5. Nf3 Nc6 6. a3 c4 7. Nbd2 Na5 8. h4 Bd7 9. h5 Ne7 10. g4 h6 11. Bh3 Nc8 12. O-O Qc7 13. Qe2 Ba4 14. Nh4 Nb3 15. Nxb3 cxb3 16. f4 a6 17. Rf2 Be7 18. g5 Bb5 19. Qg4 Bd3 20. f5 hxg5 21. Bxg5 Bxg5 22. Qxg5 exf5 23. Qxg7 Rf8 24. Ng6 1-0


[Site "https://www.chess.com"]

[Event "Titled Tuesday Blitz November 29 Late 2022"]
[White "Ansh M Shah"]
[Black "Papasimakopoulos, Alexandros"]
[WhiteFideId "25033379"]
[BlackFideId "4244125"]
[WhiteElo "2084"]
[BlackElo "2365"]
[Result "0-1"]
[Round "01"]
[TimeControl "180+1"]
[Date "2022.11.30"]
[WhiteClock "0:00:02"]
[BlackClock "0:00:47"]

1. d4 e6 2. c4 Nf6 3. g3 Bb4+ 4. Nd2 O-O 5. Bg2 d5 6. Nf3 c6 7. O-O Nbd7 8. a3 Be7 9. Qc2 c5 10. dxc5 Nxc5 11. b4 Nce4 12. cxd5 exd5 13. Bb2 Bf5 14. Nh4 Nxd2 15. Qxd2 Be4 16. f3 Bg6 17. Nxg6 hxg6 18. Rac1 a5 19. b5 b6 20. Rfd1 Bc5+ 21. Kh1 Re8 22. Rc2 Qe7 23. Bf1 Bxa3 24. Bxf6 Qxf6 25. Qxd5 Bc5 26. Qa2 Re3 27. Qd5 Rae8 28. Rb1 R3e5 29. Qd3 Re3 30. Qd5 Rd8 31. Qc4 Rd4 32. Qa2 Rd8 33. Qc4 Rd4 34. Qa2 g5 35. Rxc5 bxc5 36. b6 Rb4 37. b7 Qb6 38. Rxb4 cxb4 39. Qd5 Re7 40. Qxg5 Qxb7 41. e4 b3 42. Kg2 b2 43. Bc4 b1=Q 44. Kh3 Q1b4 45. Bd5 Qd7+ 46. g4 Qc3 47. Kg3 Qd6+ 48. Kg2 Qc2+ 49. Kh3 Qcxh2# 0-1


[Site "https://www.chess.com"]

[Event "Titled Tuesday Blitz November 29 Late 2022"]
[White "Arbunic Castro, Giovanna"]
[Black "Ezat, Mohamed"]
[WhiteFideId "3400549"]
[BlackFideId "10600906"]
[WhiteElo "1933"]
[BlackElo "2386"]
[Result "0-1"]
[Round "01"]
[TimeControl "180+1"]
[Date "2022.11.30"]
[WhiteClock "0:00:44"]
[BlackClock "0:00:15"]

1. e4 e5 2. d4 exd4 3. Qxd4 Nc6 4. Qe3 Nf6 5. Nc3 Bb4 6. Bd2 O-O 7. O-O-O Re8 8. f3 d5 9. Qf2 dxe4 10. Bg5 Qe7 11. Nd5 Qe5 12. f4 Qe6 13. Bxf6 gxf6 14. Qh4 Be7 15. Nxc7 Qxa2 16. Nxe8 e3 17. c3 Qa1+ 18. Kc2 Bf5+ 19. Bd3 Nb4+ 20. cxb4 Rc8+ 21. Kb3 Qxd1+ 22. Ka3 Qxd3+ 23. b3 Qa6+ 24. Kb2 Rc2+ 0-1


[Site "https://www.chess.com"]

[Event "Titled Tuesday Blitz November 29 Late 2022"]
[White "Arnold, Ken"]
[Black "Tanenbaum, Zachary"]
[WhiteFideId "2056836"]
[BlackFideId "2060850"]
[WhiteElo "2364"]
[BlackElo "2175"]
[Result "1/2-1/2"]
[Round "01"]
[TimeControl "180+1"]
[Date "2022.11.30"]
[WhiteClock "0:00:20"]
[BlackClock "0:00:09"]

1. d4 d5 2. Bf4 Nf6 3. e3 c5 4. c3 Nc6 5. Nf3 Qb6 6. Qb3 c4 7. Qc2 Bf5 8. Qc1 e6 9. Nbd2 Qd8 10. Be2 Bd6 11. O-O O-O 12. Bd1 b5 13. Bc2 b4 14. Bxd6 Qxd6 15. Re1 a5 16. e4 dxe4 17. Nxe4 Nxe4 18. Bxe4 Bxe4 19. Rxe4 Rfc8 20. Ne5 Ne7 21. Qf4 f6 22. Ng6 Qxf4 23. Nxf4 Nd5 24. Nxd5 exd5 25. Re7 Re8 26. Rae1 Kf8 27. Rxe8+ Rxe8 28. Rxe8+ Kxe8 29. a4 Kd7 30. f4 Ke6 31. Kf2 Kf5 32. Kf3 h5 33. g3 g5 34. fxg5 Kxg5 35. h3 b3 36. Ke3 Kf5 37. Kf3 Kg5 38. Ke3 Kf5 39. Kf3 Kg5 1/2-1/2


[Site "https://www.chess.com"]

[Event "Titled Tuesday Blitz November 29 Late 2022"]
[White "Atanasov, Anthony"]
[Black "De Souza, Cristiano Gomes"]
[WhiteFideId "2623897"]
[BlackFideId "2151758"]
[WhiteElo "2048"]
[BlackElo "2068"]
[Result "1-0"]
[Round "01"]
[TimeControl "180+1"]
[Date "2022.11.30"]
[WhiteClock "0:00:04"]
[BlackClock "0:00:21"]

1. d4 Nf6 2. Nf3 g6 3. Bf4 Bg7 4. e3 d6 5. Be2 O-O 6. O-O Nbd7 7. c4 Re8 8. Nc3 b6 9. e4 Bb7 10. Qc2 e5 11. dxe5 Nxe5 12. Nxe5 dxe5 13. Rfd1 Qe7 14. Bg5 h6 15. Nd5 Bxd5 16. Bxf6 Bxe4 17. Qxe4 Qxf6 18. Rd7 c6 19. Rad1 Rad8 20. c5 bxc5 21. Bc4 Rxd7 22. Rxd7 Re7 23. Rxe7 Qxe7 24. Qxg6 Qf6 25. Qe4 Qd6 26. Qf3 Qf6 27. Qh5 e4 28. g3 Qe7 29. Qg6 e3 30. Qc2 exf2+ 31. Kxf2 Bd4+ 32. Kg2 Qf6 33. b3 Kg7 34. Qe2 Qe5 35. Qg4+ Qg5 36. Qd7 Qf6 37. Kh3 Qg6 38. a4 a5 39. Qc8 Qh5+ 40. Kg2 Qg6 41. Qd7 Qe4+ 42. Kh3 Qg6 43. Qe7 Qf5+ 44. Kg2 Qc2+ 45. Kh3 Qf5+ 46. Kg2 Qc2+ 47. Qe2 Qxe2+ 48. Bxe2 Kf6 49. Bh5 Ke7 50. Kf3 f6 51. Kf4 Be5+ 52. Kf5 Bd4 53. Kg6 Bg1 54. h3 Be3 55. Bg4 Bc1 56. Bf3 Bd2 57. h4 Be3 58. Kf5 Bf2 59. Kf4 Bd4 60. Bxc6 Be5+ 61. Kf5 Bxg3 62. h5 Bh4 63. Bd5 Bg5 64. Ke4 Kd6 65. Bf7 Bc1 66. Kf5 Bb2 67. Bg8 Be5 68. Kg6 Kc6 69. Kxh6 Kd6 70. Kg6 Bd4 71. Bc4 f5 72. Kxf5 Bh8 73. Kg6 Ke7 74. Kh7 Bd4 75. Kg8 Be5 76. h6 Bd4 77. h7 Be5 78. h8=Q Bxh8 79. Kxh8 Kf6 80. Kg8 Ke5 81. Kg7 Kd4 82. Kf6 Kc3 83. Ke5 Kb4 84. Kd5 Ka3 85. Kxc5 Kb2 86. Kb5 Kc2 87. Kxa5 1-0


[Site "https://www.chess.com"]

[Event "Titled Tuesday Blitz November 29 Late 2022"]
[White "Ballester Llagaria, Luis Eduardo"]
[Black "Dardha, Daniel"]
[WhiteFideId "2297620"]
[BlackFideId "240990"]
[WhiteElo "2344"]
[BlackElo "2528"]
[Result "0-1"]
[Round "01"]
[TimeControl "180+1"]
[Date "2022.11.30"]
[WhiteClock "0:00:40"]
[BlackClock "0:00:49"]

1. e4 c6 2. Nc3 d5 3. Nf3 dxe4 4. Nxe4 Nf6 5. Qe2 Nxe4 6. Qxe4 Be6 7. c4 Nd7 8. Ng5 Nf6 9. Nxe6 Nxe4 10. Nxd8 Rxd8 11. d3 Nc5 12. Be3 e5 13. O-O-O Ne6 14. g3 Bc5 15. Bh3 Bxe3+ 16. fxe3 Ke7 17. Kc2 h5 18. Bxe6 Kxe6 19. h3 Rh6 20. Rhf1 Rg6 21. Rf3 Rg5 22. Rdf1 f6 23. Kc3 Rh8 24. d4 e4 25. Rf4 Rxg3 26. Rxe4+ Kf7 27. h4 Re8 28. Rxe8 Kxe8 29. Kd3 Rh3 30. Rf4 Ke7 31. Ke4 g6 32. d5 c5 33. d6+ Ke6 34. d7 f5+ 0-1


[Site "https://www.chess.com"]

[Event "Titled Tuesday Blitz November 29 Late 2022"]
[White "Bas Mas, Jose Joaquin"]
[Black "Bordi, Kevin"]
[WhiteFideId "22219064"]
[BlackFideId "621862"]
[WhiteElo "2233"]
[BlackElo "2830"]
[Result "0-1"]
[Round "01"]
[TimeControl "180+1"]
[Date "2022.11.30"]
[WhiteClock "0:00:04"]
[BlackClock "0:00:22"]

1. e4 d5 2. exd5 Qxd5 3. Nc3 Qa5 4. b4 Qxb4 5. a4 Qa5 6. Nf3 Nf6 7. Rb1 c6 8. Be2 e6 9. O-O Bd6 10. h3 O-O 11. Bb2 Nbd7 12. Nd4 Qc7 13. Bd3 Nc5 14. Bc4 e5 15. Nde2 Be6 16. Bxe6 Nxe6 17. Ng3 Nd4 18. Nce2 c5 19. c3 Nxe2+ 20. Qxe2 Rfe8 21. c4 Rad8 22. Bc3 b6 23. a5 Qc6 24. Rb2 Bc7 25. axb6 axb6 26. Re1 e4 27. Nf5 Qe6 28. Ne3 Rd7 29. Ra2 g6 30. Bxf6 Qxf6 31. Nd5 Qe5 32. g3 Rxd5 33. cxd5 Qxd5 34. Ra7 Re7 35. Qe3 Kg7 36. Ra6 f5 37. Qg5 Rf7 38. Ra7 b5 39. Rea1 b4 40. h4 h6 41. Qe3 f4 42. gxf4 Qf5 43. f3 exf3 44. Qxf3 Qxf4 45. Qxf4 Bxf4 46. Rxf7+ Kxf7 47. Rf1 g5 48. hxg5 hxg5 49. Kg2 Ke6 50. d3 Kd5 51. Kf3 Kd4 52. Rd1 Kc3 53. Ke4 Kc2 54. Rf1 b3 55. Rf2+ Kc3 56. d4 cxd4 57. Rf3+ Be3 58. Rf1 b2 0-1


[Site "https://www.chess.com"]

[Event "Titled Tuesday Blitz November 29 Late 2022"]
[White "Bashirli, Nail"]
[Black "Miller, Luke C"]
[WhiteFideId "13406809"]
[BlackFideId "2096935"]
[WhiteElo "2318"]
[BlackElo "2398"]
[Result "1-0"]
[Round "01"]
[TimeControl "180+1"]
[Date "2022.11.30"]
[WhiteClock "0:00:21"]
[BlackClock "0:00:05"]

1. e4 c5 2. Nc3 e6 3. g3 Nc6 4. Bg2 Nf6 5. Nge2 d5 6. exd5 exd5 7. d4 cxd4 8. Nxd4 Bc5 9. Nb3 Bb4 10. O-O Be6 11. Bg5 Bxc3 12. bxc3 h6 13. Bf4 O-O 14. Re1 Rc8 15. Nc5 Bg4 16. Qd2 Na5 17. Nb3 Nc4 18. Qd4 b6 19. h3 Bf5 20. Re2 Qd7 21. g4 Bg6 22. Bxh6 Na3 23. Bxg7 Kxg7 24. g5 Nxc2 25. gxf6+ Kg8 26. Qh4 Qf5 27. Nd4 Nxd4 28. cxd4 Rc6 29. Re5 Qxf6 30. Qxf6 Rxf6 31. Rxd5 Rc8 32. Rg5 Kf8 33. Rg3 Rc2 34. Bf3 Rf4 35. d5 Rd4 36. a3 Rc3 37. Bg2 Rxg3 38. fxg3 Ke7 39. Rc1 Kd7 40. h4 Be4 41. Bh3+ Kd6 42. Rc6+ Kxd5 43. Rc7 Ra4 44. Rxf7 Rxa3 45. Kf2 a5 46. h5 a4 47. h6 Ra2+ 48. Ke3 Ke5 49. Re7+ Kf6 50. Rxe4 Ra3+ 51. Kf4 Kg6 52. Re6+ Kh7 53. Bf5+ Kg8 54. h7+ Kh8 55. Re8+ Kg7 56. h8=Q+ 1-0


[Site "https://www.chess.com"]

[Event "Titled Tuesday Blitz November 29 Late 2022"]
[White "Battlecruiser_Operational"]
[Black "Lewtak, Damian"]
[BlackFideId "1141724"]
[WhiteElo "2140"]
[BlackElo "2329"]
[Result "0-1"]
[Round "01"]
[TimeControl "180+1"]
[Date "2022.11.30"]
[WhiteClock "0:00:04"]
[BlackClock "0:00:10"]

1. d4 d5 2. c4 c6 3. Nc3 Nf6 4. e3 e6 5. Nf3 Nbd7 6. Qc2 h6 7. Bd2 Bd6 8. O-O-O Qe7 9. Kb1 dxc4 10. Bxc4 e5 11. Nh4 Nb6 12. Bb3 e4 13. g3 g5 14. Ng2 Bg4 15. Rc1 O-O-O 16. h3 Bf3 17. Rhg1 Kb8 18. Ne1 Bh5 19. Na4 Nbd5 20. a3 Rc8 21. Nc5 Nd7 22. Nxd7+ Qxd7 23. g4 Bg6 24. Ka1 h5 25. Qc4 hxg4 26. hxg4 Rh2 27. Qf1 Rch8 28. Nc2 R8h4 29. Bxd5 cxd5 30. Nb4 Be7 31. Qe2 Rh8 32. Rc2 Rh1 33. Rxh1 Rxh1+ 34. Ka2 Rh4 35. Rc1 Rxg4 36. f3 Rh4 37. fxe4 Bxe4 38. Qf2 Rh8 39. Qxf7 g4 40. Qg7 Re8 41. Rg1 Bf3 42. Bc3 Qe6 43. Nc2 a6 44. Ne1 Qf6 45. Qxf6 Bxf6 46. Nxf3 gxf3 47. Rf1 Rxe3 48. Kb3 Bxd4 49. Kc2 Bxc3 50. bxc3 d4 51. cxd4 Rxa3 52. Kb2 Re3 53. Kc2 Kc7 54. Rh1 f2 55. Rf1 Rf3 56. Kd2 Kd6 0-1


[Site "https://www.chess.com"]

[Event "Titled Tuesday Blitz November 29 Late 2022"]
[White "Bayo Milagro, Alvaro"]
[Black "chess50years"]
[WhiteFideId "22275240"]
[WhiteElo "2270"]
[BlackElo "2132"]
[Result "0-1"]
[Round "01"]
[TimeControl "180+1"]
[Date "2022.11.30"]
[WhiteClock "0:01:04"]
[BlackClock "0:00:43"]

1. Nf3 d5 2. g3 c6 3. Bg2 g6 4. O-O Bg7 5. d4 Nf6 6. b3 O-O 7. c4 Bf5 8. Bb2 Ne4 9. Nbd2 Nxd2 10. Qxd2 Be4 11. Rfd1 Nd7 12. Rac1 a5 13. a3 e6 14. Bf1 Bxf3 15. exf3 a4 16. b4 dxc4 17. Rxc4 Nb6 18. Rcc1 Nd5 19. b5 cxb5 20. Bxb5 Qd6 21. Kg2 Qb6 22. Rc5 Qa5 23. Bc4 Qxd2 24. Rxd2 Rfd8 25. Bb5 Ra5 26. Rdc2 Bf8 27. Rxd5 Rxd5 28. Bd3 Rd8 29. Be4 b5 30. Rc7 Bg7 31. Bc6 Bxd4 32. Bxd4 Rxd4 33. Be8 f5 34. Bf7+ Kf8 35. Bxe6 b4 36. axb4 Rxb4 37. Rf7+ Ke8 38. Rxh7 a3 39. g4 fxg4 40. fxg4 a2 41. Bxa2 Rxa2 42. Kg3 Rbb2 43. f3 g5 44. f4 Rb3# 0-1


[Site "https://www.chess.com"]

[Event "Titled Tuesday Blitz November 29 Late 2022"]
[White "Bazeev, German"]
[Black "Malka, Samuel"]
[WhiteFideId "24119350"]
[BlackFideId "20643675"]
[WhiteElo "2493"]
[BlackElo "2419"]
[Result "1-0"]
[Round "01"]
[TimeControl "180+1"]
[Date "2022.11.30"]
[WhiteClock "0:01:03"]
[BlackClock "0:01:02"]

1. d4 d5 2. Nf3 Nf6 3. c4 e6 4. g3 Bb4+ 5. Bd2 Be7 6. Bg2 O-O 7. Qc2 c6 8. O-O Nbd7 9. b4 Ne4 10. Be1 f5 11. Nbd2 Bf6 12. e3 g5 13. Nb3 g4 14. Nfd2 h5 15. f3 Ng5 16. f4 Nf7 17. h4 Nd6 18. c5 Nf7 19. a4 Nh8 20. Nb1 a6 21. Nc3 Ng6 22. Kf2 Bxh4 23. gxh4 Nxh4 24. Rh1 Rf7 25. Kf1 Nxg2 26. Qxg2 Nf6 27. Bh4 Rh7 28. a5 Kf7 29. Ne2 Qg8 30. Ng3 Qg6 31. Ke2 Ne4 32. Nc1 Bd7 33. Nd3 Ke8 34. Ne5 Qg7 35. Nxe4 dxe4 36. Bg5 Qg6 37. Nxg6 1-0


[Site "https://www.chess.com"]

[Event "Titled Tuesday Blitz November 29 Late 2022"]
[White "Bellissimo, Joseph F."]
[Black "Radjabov, Teimour"]
[WhiteFideId "2609843"]
[BlackFideId "13400924"]
[WhiteElo "2515"]
[BlackElo "3001"]
[Result "0-1"]
[Round "01"]
[TimeControl "180+1"]
[Date "2022.11.30"]
[WhiteClock "0:00:26"]
[BlackClock "0:00:42"]

1. e4 c5 2. Nf3 Nc6 3. c3 Nf6 4. e5 Nd5 5. d4 cxd4 6. cxd4 d6 7. Bc4 Nb6 8. Bd3 d5 9. Nc3 Bg4 10. Be3 e6 11. a3 Be7 12. O-O Nc4 13. Qe2 O-O 14. b3 N4xe5 15. dxe5 Nxe5 16. Bd4 Nc6 17. Qe3 Bxf3 18. gxf3 Nxd4 19. Qxd4 Bf6 20. Qe3 Bxc3 21. Bxh7+ Kxh7 22. Qxc3 Qf6 23. Qb4 Qxf3 24. Rfe1 b6 25. Re5 Rac8 26. Rae1 Kg8 27. Qh4 Qf6 28. Qg3 Rc2 29. Rh5 Rfc8 30. Kg2 g6 31. Rg5 Rxf2+ 32. Qxf2 Qxg5+ 33. Kh1 Qf5 34. Qh4 Rc2 35. Qg3 d4 0-1


[Site "https://www.chess.com"]

[Event "Titled Tuesday Blitz November 29 Late 2022"]
[White "Besedes, Danilo"]
[Black "Remizov, Yaroslav"]
[WhiteFideId "946796"]
[BlackFideId "34134015"]
[WhiteElo "2352"]
[BlackElo "2414"]
[Result "1-0"]
[Round "01"]
[TimeControl "180+1"]
[Date "2022.11.30"]
[WhiteClock "0:00:59"]
[BlackClock "0:00:01"]

1. Nf3 Nf6 2. e3 b6 3. d4 Bb7 4. Bd3 e6 5. O-O Be7 6. b3 c5 7. Bb2 cxd4 8. exd4 O-O 9. Nbd2 Nc6 10. a3 Rc8 11. Re1 h6 12. c4 d5 13. Qe2 Na5 14. Ne5 Nd7 15. Nxd7 Qxd7 16. c5 bxc5 17. dxc5 Bg5 18. b4 Nc6 19. Nf3 Be7 20. Rad1 Nd8 21. Ne5 Qc7 22. Ng4 f5 23. Ne5 Bf6 24. f4 a5 25. Bd4 axb4 26. axb4 Kh7 27. b5 Qa5 28. c6 Qb4 29. Qf2 Ba8 30. Bc5 Qa4 31. Bxf8 Bxe5 32. fxe5 Nxc6 33. bxc6 Rxf8 34. c7 Qd7 35. Rc1 d4 36. Ba6 d3 37. c8=Q Rxc8 38. Bxc8 Qd5 39. Rcd1 Bc6 40. Re3 1-0


[Site "https://www.chess.com"]

[Event "Titled Tuesday Blitz November 29 Late 2022"]
[White "Bok, Benjamin"]
[Black "Urbina Perez, Juan Antonio"]
[WhiteFideId "1017063"]
[BlackFideId "2217368"]
[WhiteElo "2903"]
[BlackElo "2491"]
[Result "1-0"]
[Round "01"]
[TimeControl "180+1"]
[Date "2022.11.30"]
[WhiteClock "0:02:55"]
[BlackClock "0:02:19"]

1. d4 d5 2. c4 c6 3. Nf3 Nf6 4. cxd5 cxd5 5. Nc3 Nc6 6. Bf4 a6 7. Rc1 Bf5 8. e3 Rc8 9. Be2 e6 10. O-O Bd6 11. Bxd6 Qxd6 12. Qb3 Na5 13. Nb5 Nxb3 14. Nxd6+ Kd7 15. Rxc8 Rxc8 16. Nxc8 1-0


[Site "https://www.chess.com"]

[Event "Titled Tuesday Blitz November 29 Late 2022"]
[White "Brown, Andrew"]
[Black "Martinez Ramirez, Lennis"]
[WhiteFideId "3206513"]
[BlackFideId "3509079"]
[WhiteElo "2245"]
[BlackElo "2439"]
[Result "1-0"]
[Round "01"]
[TimeControl "180+1"]
[Date "2022.11.30"]
[WhiteClock "0:00:05"]
[BlackClock "0:00:01"]

1. d4 d5 2. c4 e6 3. Nc3 Nf6 4. Nf3 Bb4 5. g3 dxc4 6. Bg2 O-O 7. O-O c5 8. a3 Ba5 9. dxc5 Bxc3 10. bxc3 Nc6 11. Nd4 Na5 12. Bf4 Nd5 13. Bd6 Re8 14. e4 Nxc3 15. Qc2 e5 16. Qxc3 exd4 17. Qxd4 Nb3 18. Qxc4 Nxa1 19. Rxa1 Bd7 20. e5 Bc6 21. Bxc6 bxc6 22. Rb1 Qd7 23. Kg2 h5 24. f4 Qf5 25. Rb2 h4 26. Qc2 h3+ 27. Kf2 Qe6 28. Qe4 a5 29. f5 Qd7 30. g4 Ra7 31. Kg3 Rb7 32. Qc2 Ra8 33. Kxh3 a4 34. Rb6 Ra5 35. Qc4 Rb5 36. Rxb5 Rxb5 37. e6 fxe6 38. fxe6 Qe8 39. e7+ Kh7 40. Qxa4 Qf7 41. Qc2+ g6 42. a4 Rb3+ 43. Qxb3 Qxb3+ 44. Kh4 Qf7 45. a5 Qf6+ 46. Kg3 Qc3+ 47. Kh4 Qe3 48. a6 Qe6 49. Kg3 Qe1+ 50. Kg2 Kg7 51. a7 Qe2+ 52. Kg3 Qd3+ 53. Kh4 g5+ 54. Kxg5 Qg6+ 55. Kh4 Qh7+ 56. Kg5 Qh6+ 57. Kf5 Qf6+ 58. Ke4 Qe6+ 59. Be5+ Kf7 60. a8=Q Qd5+ 61. Kf4 Qc4+ 62. Kg5 Qc1+ 63. Kh5 Kxe7 64. Qb7+ Ke6 65. Bg7 Kd5 66. Qd7+ Kxc5 67. Bf8+ Kb5 68. g5 Qc4 69. Qf5+ c5 70. g6 Qe2+ 71. Kh6 Qxh2+ 72. Kg7 Qb2+ 73. Kg8 Qb3+ 74. Kh8 Qb2+ 75. g7 Kc6 76. Qxc5+ Kd7 77. Qh5 Ke6 78. Qg6+ Kd7 79. Qf7+ Kd8 80. Qe7+ Kc8 81. Kg8 Qb3+ 82. Qf7 Qb2 83. Be7 Kd7 84. Bf6+ Kd6 85. Qe7+ 1-0


[Site "https://www.chess.com"]

[Event "Titled Tuesday Blitz November 29 Late 2022"]
[White "Burke, Paul"]
[Black "Richter, Paul"]
[WhiteFideId "2605767"]
[BlackFideId "2046350"]
[WhiteElo "1909"]
[BlackElo "2545"]
[Result "0-1"]
[Round "01"]
[TimeControl "180+1"]
[Date "2022.11.30"]
[WhiteClock "0:00:47"]
[BlackClock "0:01:52"]

1. e4 c5 2. d4 cxd4 3. c3 dxc3 4. Nxc3 Nc6 5. Nf3 e6 6. Bf4 d6 7. Bd3 Nf6 8. Qe2 Qc7 9. Rd1 a6 10. Bb1 Be7 11. Bg3 O-O 12. a3 e5 13. Nd5 Nxd5 14. exd5 Nb8 15. O-O f5 16. Bxe5 dxe5 17. Nxe5 Bd6 18. f4 Nd7 19. Nxd7 Bxd7 20. Rfe1 Rfe8 21. Qf3 Qb6+ 22. Kh1 Qxb2 23. g4 fxg4 24. Qd3 g6 25. Re6 Rxe6 26. dxe6 Bc6+ 0-1


[Site "https://www.chess.com"]

[Event "Titled Tuesday Blitz November 29 Late 2022"]
[White "Calcada, Lucas Galvan"]
[Black "Espinosa, Pedro"]
[WhiteFideId "22746099"]
[BlackFideId "30921066"]
[WhiteElo "1523"]
[BlackElo "2016"]
[Result "0-1"]
[Round "01"]
[TimeControl "180+1"]
[Date "2022.11.30"]
[WhiteClock "0:00:04"]
[BlackClock "0:00:03"]

1. d4 d5 2. c4 c6 3. Nc3 Nf6 4. Bg5 e6 5. e3 h6 6. Bh4 Be7 7. Nf3 O-O 8. Rc1 b6 9. Bd3 Bb7 10. O-O c5 11. cxd5 Nxd5 12. Bxe7 Qxe7 13. Re1 Nd7 14. e4 Nxc3 15. bxc3 cxd4 16. cxd4 Rac8 17. Qe2 Nf6 18. Nd2 Qa3 19. Nb3 Rxc1 20. Rxc1 Rc8 21. Rxc8+ Bxc8 22. Qc2 Bd7 23. f3 Qd6 24. e5 Qb4 25. exf6 Qe1+ 26. Bf1 gxf6 27. Qd2 Qb1 28. Qd3 Qxa2 29. Nd2 f5 30. d5 Qxd5 31. Qxd5 exd5 32. Kf2 Kg7 33. Ke3 Kf6 34. Kd4 Ke6 35. Bd3 Kd6 36. f4 a5 37. Nb1 b5 38. Nc3 b4 39. Nxd5 b3 40. Nb6 Bc6 41. Nc4+ Ke6 42. Nxa5 Bxg2 43. Nxb3 Kf6 44. Nc5 Bh3 45. Nd7+ Kg6 46. Ne5+ Kf6 47. Bc4 Bg2 48. Nxf7 Kg6 49. Ne5+ Kf6 50. Nd3 Be4 51. Nc5 Bc6 52. Nd3 Be8 53. Ne5 Bh5 54. Kc5 Be8 55. Kd6 Ba4 56. Bd5 Bb5 57. Nd7+ Kg6 0-1


[Site "https://www.chess.com"]

[Event "Titled Tuesday Blitz November 29 Late 2022"]
[White "Cardoso Cardoso, Jose Gabriel"]
[Black "Zanette, Edgard Vinicius"]
[WhiteFideId "4430492"]
[BlackFideId "2109263"]
[WhiteElo "2484"]
[BlackElo "2211"]
[Result "1-0"]
[Round "01"]
[TimeControl "180+1"]
[Date "2022.11.30"]
[WhiteClock "0:00:08"]
[BlackClock "0:00:05"]

1. d4 Nf6 2. Nc3 c5 3. d5 e6 4. e4 d6 5. Bb5+ Bd7 6. a4 a6 7. Be2 exd5 8. exd5 Be7 9. Nf3 O-O 10. Nd2 Bf5 11. Nc4 Nbd7 12. O-O b6 13. Bf4 Qc7 14. h3 h6 15. Re1 Rfe8 16. Bd3 Bxd3 17. Qxd3 Bf8 18. Qf3 Rxe1+ 19. Rxe1 Re8 20. Rxe8 Nxe8 21. Qd3 Nef6 22. Ne3 Qb7 23. Nf5 Ne8 24. Ne4 Ndf6 25. c4 Nxe4 26. Qxe4 Qd7 27. b3 b5 28. cxb5 axb5 29. a5 Nc7 30. g4 b4 31. Qc4 Kh7 32. a6 g6 33. Ne3 Qc8 34. a7 Qb7 35. Qe4 Qxa7 36. Nc4 Qa6 37. h4 Qa1+ 38. Kg2 Qf6 39. h5 Qd4 40. Qxd4 cxd4 41. Nxd6 Bxd6 42. Bxd6 Nxd5 43. Kf3 gxh5 44. gxh5 f5 45. Ke2 Kg7 46. Kd3 Kf6 47. Kxd4 Ke6 48. Bf8 Nf4 49. Bxb4 Nxh5 50. Bf8 Nf4 51. Bxh6 Nd5 52. Kc5 Ke5 53. b4 Ke4 54. b5 f4 55. Bg7 Nc7 56. b6 Ne6+ 57. Kc6 Nxg7 58. b7 Ne6 59. b8=Q Nd4+ 60. Kc5 Ne2 61. Qb3 Ng1 62. Qd1 Kf5 63. Qxg1 Ke4 64. Qd1 f3 65. Qd2 Kf5 66. Qe3 Kg4 67. Qe4+ Kh3 68. Qxf3+ Kh2 69. Qg4 Kh1 70. Kd4 Kh2 71. Ke4 Kh1 72. Kf3 Kh2 73. Qg2# 1-0


[Site "https://www.chess.com"]

[Event "Titled Tuesday Blitz November 29 Late 2022"]
[White "Caruana, Fabiano"]
[Black "Estrada Nieto, Julian"]
[WhiteFideId "2020009"]
[BlackFideId "5101018"]
[WhiteElo "3063"]
[BlackElo "2530"]
[Result "1-0"]
[Round "01"]
[TimeControl "180+1"]
[Date "2022.11.30"]
[WhiteClock "0:01:51"]
[BlackClock "0:00:31"]

1. c4 e5 2. b3 Nc6 3. Bb2 Nf6 4. e3 Bc5 5. Nf3 Qe7 6. Nc3 e4 7. Ng5 d6 8. f3 Bf5 9. fxe4 Nxe4 10. Ngxe4 Bxe4 11. Qg4 f5 12. Qg3 Nb4 13. O-O-O O-O-O 14. d4 Bb6 15. a3 Nc6 16. b4 a6 17. Nxe4 fxe4 18. Be2 Kb8 19. Rhf1 Rhf8 20. h4 a5 21. b5 Na7 22. Qg5 Qxg5 23. hxg5 c6 24. a4 Rde8 25. Bg4 g6 26. Ba3 Bc7 27. b6 1-0


[Site "https://www.chess.com"]

[Event "Titled Tuesday Blitz November 29 Late 2022"]
[White "Chernomordik, Pavel"]
[Black "Gareyev, Timur"]
[WhiteFideId "2804530"]
[BlackFideId "14200937"]
[WhiteElo "2192"]
[BlackElo "2552"]
[Result "1-0"]
[Round "01"]
[TimeControl "180+1"]
[Date "2022.11.30"]
[WhiteClock "0:01:26"]
[BlackClock "0:00:47"]

1. e4 e5 2. Nf3 Nc6 3. Bb5 f5 4. d4 Nxd4 5. Nxd4 exd4 6. exf5 c6 7. Qh5+ g6 8. fxg6 Qe7+ 9. Be2 Kd8 10. Bg5 Nf6 11. Qf3 Bg7 12. O-O hxg6 13. Nd2 Qe5 14. Bf4 Qh5 15. Qg3 Qf5 16. Bc7+ Ke7 17. Bd3 Qg4 18. Bxg6 Qxg3 19. Rae1+ Qe3 20. fxe3 d6 21. exd4+ Kd7 22. Ba5 Nd5 23. Bf5# 1-0


[Site "https://www.chess.com"]